 Seeded DCSS version 0.28-a0-533-g9f97627e2a (webtiles) character file.

Game seed: 13835932545558783765 (custom seed)

93 a11behringer the Cudgeller (level 4, -3/39 HPs)
             Began as a Minotaur Berserker on Sept 26, 2021.
             Was a Believer of Trog.
             Slain by Crazy Yiuf (14 damage)
             ... on level 2 of the Dungeon.
             The game lasted 00:06:31 (1208 turns).

a11behringer the Cudgeller (Minotaur Berserker)     Turns: 1208, Time: 00:06:41

Health: -3/39      AC:  3    Str: 33    XL:     4   Next: 36%
Magic:  0/3        EV: 12    Int:  4    God:    Trog [**....]
Gold:   114        SH:  0    Dex: 11    Spells: 3/3 levels left

rFire   . . .      SeeInvis .   l - +1 mace (vorpal)
rCold   . . .      Faith    .   (no shield)
rNeg    . . .      Spirit   +   b - +0 animal skin
rPois   .          Reflect  .   (helmet restricted)
rElec   .          Harm     .   (no cloak)
rCorr   .          Rampage  .   (no gloves)
Will    ++...                   g - +0 pair of boots
Stlth   +.........              d - amulet of guardian spirit
HPRegen 1.13/turn               e - +6 ring of strength
MPRegen 0.08/turn               k - +6 ring of strength

@: strong-willed, regenerating
A: horns 2, retaliatory headbutt
a: Renounce Religion, Berserk, Trog's Hand


You were on level 2 of the Dungeon.
You worshipped Trog.
Trog was pleased with you.
You visited 1 branch of the dungeon, and saw 2 of its levels.

You collected 114 gold pieces.

Inventory:

Hand Weapons
 a - a +0 mace
 l - a +1 vorpal mace (weapon)
Armour
 b - a +0 animal skin (worn)
 g - a +0 pair of boots (worn)
Jewellery
 d - an amulet of guardian spirit (around neck)
 e - a +6 ring of strength (left hand)
 k - a +6 ring of strength (right hand)
Scrolls
 c - a scroll of noise {unknown}
 f - a scroll of summoning {unknown}
 h - a scroll of identify
 j - a scroll of brand weapon {unknown}
Potions
 i - a potion of attraction
 m - a potion of curing {unknown}


   Skills:
 - Level 3.6 Fighting
 * Level 6.3 Maces & Flails
 - Level 2.4 Armour
 - Level 2.1 Dodging


You had 3 spell levels left.
You didn't know any spells.
Your spell library was empty.

Dungeon Overview and Level Annotations

Branches:
Dungeon (2/15)

Altars:

Shops:
D:1 ([

Annotations:
D:2 Crazy Yiuf


Innate Abilities, Weirdness & Mutations

You have a pair of horns on your head.
You reflexively headbutt those who attack you in melee.


Message History

You sock the rat!
You kill the rat!
Trog accepts your kill.
You now have 84 gold pieces (gained 6).
There is a stone staircase leading up here.
There is a stone staircase leading up here.
You now have 101 gold pieces (gained 17).
You now have 114 gold pieces (gained 13).
A worm comes into view.
You hit the worm.
The worm is moderately wounded.
You hit the worm.
The worm is severely wounded.
The worm bites you.
You hit the worm. You headbutt the worm.
You kill the worm!
Trog accepts your kill.
Unknown command.
There is a stone staircase leading up here.
You see here a +0 mace.
You see here a +0 mace.
You see here a +0 mace.
Crazy Yiuf shouts!
Your skin crawls.
You feel strong-willed.
Crazy Yiuf says, "Gnoll broken sizzlefizz!"
You open the door.
Crazy Yiuf laughs, "Scoff poople disdain!"
You sock Crazy Yiuf!
Crazy Yiuf is heavily wounded.
Crazy Yiuf screams, "Mountain!"
Crazy Yiuf hits you with a +2 quarterstaff of chaos!
You are electrocuted!
You closely miss Crazy Yiuf.
You headbutt Crazy Yiuf, but do no damage.
Crazy Yiuf is heavily wounded.
Crazy Yiuf hits you with a +2 quarterstaff of chaos.
* * * LOW HITPOINT WARNING * * *
You are electrocuted!
You die...

###### #####.# #
#.#### #....# ####..
######### ####
#######.......# ##..#
### ###.#.))#######..
##...#
#...##..#.PP).)## ##.
#....#
#...g@####)P....#####.
#....# #)..###
##P)#)....... #....#
### #####.....##
#....# ##<#####.
#....# #..#.....
#....############
##..#.####
##..............#
#.....#
##.....#......##
#.....####
#######.######
###.#.#.....


You could see Crazy Yiuf.

Vanquished Creatures
  Jessica (D:2)
  2 adders (D:2)
  A worm (D:2)
  4 dart slugs
  2 ball pythons
  An endoplasm (D:1)
  A giant cockroach (D:1)
  3 goblins
  3 hobgoblins
  4 jackals (D:1)
  A kobold (D:1)
  3 quokkas
  5 bats
  2 frilled lizards (D:1)
  3 rats
36 creatures vanquished.

Notes
Turn   | Place    | Note
-------+----------+-------------------------------------------
     0 | D:1      | a11behringer the Minotaur Berserker began the quest for the
                  | Orb.
     0 | D:1      | Reached XP level 1. HP: 19/19 MP: 0/0
    33 | D:1      | Found Ejahoel's Antique Weapon Shoppe.
   172 | D:1      | Reached skill level 4 in Maces & Flails
   215 | D:1      | Found Pyessucw's Armour Shoppe.
   229 | D:1      | Found a faded altar of an unknown god.
   268 | D:1      | Reached XP level 2. HP: 26/26 MP: 1/1
   646 | D:2      | Reached skill level 5 in Maces & Flails
   649 | D:2      | Reached XP level 3. HP: 24/31 MP: 2/2
   759 | D:2      | Reached ** piety under Trog
   776 | D:2      | Noticed Jessica
   785 | D:2      | Killed Jessica
   786 | D:2      | Reached skill level 6 in Maces & Flails
   786 | D:2      | Reached XP level 4. HP: 35/39 MP: 1/3
   815 | D:2      | Found a runed translucent door.
   816 | D:2      | Noticed Crazy Yiuf
  1208 | D:2      | Slain by Crazy Yiuf

Illustrated notes

Levels and vault maps discovered:
D:1:      lightli_arrival_windingriver, layout_rooms, serial_shops, shop, shop,
          shapermc_ecumenical_altar_ellora
D:2:      layout_rooms, serial_glass, glass_columns_a, glass_columns_b,
          uniq_jessica, uniq_crazy_yiuf_cottage

Skill      XL: |  1  2  3 |
---------------+----------+-----
Maces & Flails | 4 5 6 |  6.3
Fighting       | |  3.6
Armour         | |  2.4
Dodging        | |  2.1

Action                   |  1- 3 |  4- 6 || total
-------------------------+-------+-------++-------
Melee: Mace              |    46 |    13 ||    59
       Headbutt          |     6 |     3 ||     9
Invok: Trog's Hand       |     1 |     1 ||     2
  Use: Scroll            |       |     1 ||     1
Armor: Animal skin       |    21 |     1 ||    22
Dodge: Dodged            |    49 |     3 ||    52

Table legend: (Time is in decaauts)
 A = Elapsed time spent in this place.
 B = Non-inter-level travel time spent in this place.
 C = Inter-level travel time spent in this place.
 D = Time resting spent in this place.
 E = Time spent auto-exploring this place.
 F = Levels seen in this place.
 G = Mean time per level.
                   A        B        C        D        E       F      G
               +--------+--------+--------+--------+--------+-----+--------+
         Total |   1217 |   1031 |    186 |      0 |    817 |   2 |  608.5 |
       Dungeon |   1217 |   1031 |    186 |      0 |    817 |   2 |  608.5 |
               +--------+--------+--------+--------+--------+-----+--------+

Top non-repeatable levels by time:
     D:1: 646 daAuts
     D:2: 570 daAuts
